 Dungeon Crawl Stone Soup version 0.17-a0-1946-gfb768fe (webtiles) character file.

172 MDvedh the Cudgeler (level 5, -4/29 HPs)
             Began as a Gargoyle Wanderer on Oct 1, 2015.
             Killed by nerve-wracking pain
             ... invoked by an orc priest
              (14 damage)
             ... on level 3 of the Dungeon.
             The game lasted 00:05:36 (3325 turns).

MDvedh the Cudgeler (Gargoyle Wanderer)             Turns: 3325, Time: 00:05:36

Health: -4/29      AC:  9    Str: 20    XL:     5   Next: 53%
Magic:  5/5        EV: 11    Int: 10    God:
Gold:   81         SH:  0    Dex: 12    Spells: 0 memorised, 4 levels left

rFire  . . .     SeeInvis .     B - +0 flail
rCold  . . .     Clarity  .     r - +0 ring mail (curse)
rNeg   + . .     SustAt   .     (no shield)
rPois  ∞         Gourm    .     (no helmet)
rElec  +         Spirit   .     (no cloak)
rCorr  .         Warding  .     (no gloves)
rMut   .         Stasis   .     (no boots)
MR     .....                    (no amulet)
Stlth  +.........               (no ring)
                                e - +4 ring of strength

@: not resistant to hostile enchantments, very unstealthy
A: negative energy resistance 1, electricity resistance, unbreathing,
petrification resistance, rot immunity, AC +4
a: no special abilities


You were on level 3 of the Dungeon.
You were not hungry.

You visited 1 branch of the dungeon, and saw 3 of its levels.

You collected 81 gold pieces.

Inventory:

Hand weapons
 B - a +0 flail (weapon)
Missiles
 b - 3 throwing nets (quivered)
Armour
 a - a +0 leather armour
 r - a cursed +0 ring mail (worn)
Jewellery
 e - a +4 ring of strength (left hand)
 h - an uncursed ring of ice
Scrolls
 d - 2 scrolls of teleportation
 f - a scroll of amnesia {unknown}
 i - 2 scrolls of identify {unknown}
 j - a scroll of fear {unknown}
 k - 3 scrolls of noise {unknown}
 n - a scroll of immolation {unknown}
 u - a scroll of fog {unknown}
 w - a scroll of blinking {unknown}
 x - a scroll of magic mapping {unknown}
 y - a scroll of enchant armour {unknown}
Potions
 c - a potion of lignification
 l - a potion of haste {unknown}
 m - a potion of resistance {unknown}
 s - a potion of beneficial mutation {unknown}
 t - a potion of curing {unknown}
 A - a potion of poison {unknown}
Comestibles
 g - a bread ration
 o - a slice of pizza
 v - 3 fruits


   Skills:
 - Level 1.1 Fighting
 + Level 5.0(5.4) Maces & Flails
   Level 3.0(4.4) Staves
 - Level 1.0 Throwing
 - Level 2.4 Dodging
 - Level 2.1 Stealth


You had 4 spell levels left.
You didn't know any spells.

Dungeon Overview and Level Annotations

Branches:
Dungeon (3/15)

Altars:


Innate Abilities, Weirdness & Mutations

You are resistant to torment.
Your stone body is resilient (AC +4).
You are immune to poison.
You resist negative energy.
You are resistant to electric shocks.
You can survive without breathing.
You are immune to petrification.
You are immune to rotting.


Message History

There is a stone staircase leading up here.
Unknown command.
The bat barely misses you.
You closely miss the bat. The bat hits you but does no damage.
The orc priest invokes the aid of Beogh against you.
Something smites you!
You thump the bat!
You kill the bat!
The orc priest hits you but does no damage.
You hit the orc priest.
The orc priest is lightly wounded.
You closely miss the orc priest.
The orc priest is lightly wounded.
The orc priest calls down the wrath of Beogh upon you.
Pain shoots through your body! The orc priest closely misses you.
You hit the orc priest.
The orc priest is lightly wounded.
The orc priest calls down the wrath of Beogh upon you.
Pain shoots through your body!
You die...

....#### #.# ........### #.#
.....#...###.# #.#.###..##.#
###...##......################
.........o.....##.....##.....##
#.......o.o###................##
...........####.o..............#
.......o.....[..@...........†>.#
#..............................#
#..............................#
...............................#
#..........#...................#
#.............................##
#.....................##.....##
#.................############
###..######.......#


You could see an orc priest.

Vanquished Creatures
  An orc wizard (D:3)
  7 adders (D:2)
  2 oozes (D:2)
  2 worms (D:2)
  8 orcs (D:2)
  A giant cockroach (D:2)
  9 goblins
  6 hobgoblins
  A ball python (D:2)
  9 bats
  2 giant newts (D:2)
  13 kobolds
  3 quokkas
  7 rats
71 creatures vanquished.

Notes
Turn   | Place    | Note
--------------------------------------------------------------
     0 | D:1      | MDvedh the Gargoyle Wanderer began the quest for the Orb.
     0 | D:1      | MDvedh set off with: a +0 leather armour, 3 throwing nets, a potion of lignification, a scroll of teleportation, a +0 club, a +0 dagger, a bread ration, a !bad item (cl:100,ty:0,pl:0,pl2:0,sp:0,qu:0), a !bad item (cl:100,ty:0,pl:0,pl2:0,sp:0,qu:0), a !bad item (cl:100,ty:0,pl:0,pl2:0,sp:0,qu:0), a !bad item (cl:100,ty:0,pl:0,pl2:0,sp:0,qu:0), a !bad item (cl:100,ty:0,pl:0,pl2:0,sp:0,qu:0), a !bad item (cl:100,ty:0,pl:0,pl2:0,sp:0,qu:0), a !bad item (cl:100,ty:0,pl:0,pl2:0,sp:0,qu:0), a !bad item (cl:100,ty:0,pl:0,pl2:0,sp:0,qu:0), a !bad item (cl:100,ty:0,pl:0,pl2:0,sp:0,qu:0), a !bad item (cl:100,ty:0,pl:0,pl2:0,sp:0,qu:0), a !bad item (cl:100,ty:0,pl:0,pl2:0,sp:0,qu:0), a !bad item (cl:100,ty:0,pl:0,pl2:0,sp:0,qu:0), a !bad item (cl:100,ty:0,pl:0,pl2:0,sp:0,qu:0), a !bad item (cl:100,ty:0,pl:0,pl2:0,sp:0,qu:0), a !bad item (cl:100,ty:0,pl:0,pl2:0,sp:0,qu:0), a !bad item (cl:100,ty:0,pl:0,pl2:0,sp:0,qu:0), a !bad item (cl:100,ty:0,pl:0,pl2:0,sp:0,qu:0), a !bad item (cl:100,ty:0,pl:0,pl2:0,sp:0,qu:0), a !bad item (cl:100,ty:0,pl:0,pl2:0,sp:0,qu:0), a !bad item (cl:100,ty:0,pl:0,pl2:0,sp:0,qu:0), a !bad item (cl:100,ty:0,pl:0,pl2:0,sp:0,qu:0), a !bad item (cl:100,ty:0,pl:0,pl2:0,sp:0,qu:0), a !bad item (cl:100,ty:0,pl:0,pl2:0,sp:0,qu:0), a !bad item (cl:100,ty:0,pl:0,pl2:0,sp:0,qu:0), a !bad item (cl:100,ty:0,pl:0,pl2:0,sp:0,qu:0), a !bad item (cl:100,ty:0,pl:0,pl2:0,sp:0,qu:0), a !bad item (cl:100,ty:0,pl:0,pl2:0,sp:0,qu:0), a !bad item (cl:100,ty:0,pl:0,pl2:0,sp:0,qu:0), a !bad item (cl:100,ty:0,pl:0,pl2:0,sp:0,qu:0), a !bad item (cl:100,ty:0,pl:0,pl2:0,sp:0,qu:0), a !bad item (cl:100,ty:0,pl:0,pl2:0,sp:0,qu:0), a !bad item (cl:100,ty:0,pl:0,pl2:0,sp:0,qu:0), a !bad item (cl:100,ty:0,pl:0,pl2:0,sp:0,qu:0), a !bad item (cl:100,ty:0,pl:0,pl2:0,sp:0,qu:0), a !bad item (cl:100,ty:0,pl:0,pl2:0,sp:0,qu:0), a !bad item (cl:100,ty:0,pl:0,pl2:0,sp:0,qu:0), a !bad item (cl:100,ty:0,pl:0,pl2:0,sp:0,qu:0), a !bad item (cl:100,ty:0,pl:0,pl2:0,sp:0,qu:0), a !bad item (cl:100,ty:0,pl:0,pl2:0,sp:0,qu:0), a !bad item (cl:100,ty:0,pl:0,pl2:0,sp:0,qu:0), a !bad item (cl:100,ty:0,pl:0,pl2:0,sp:0,qu:0), a !bad item (cl:100,ty:0,pl:0,pl2:0,sp:0,qu:0), a !bad item (cl:100,ty:0,pl:0,pl2:0,sp:0,qu:0), a !bad item (cl:100,ty:0,pl:0,pl2:0,sp:0,qu:0), a !bad item (cl:100,ty:0,pl:0,pl2:0,sp:0,qu:0)
     0 | D:1      | Reached XP level 1. HP: 12/12 MP: 1/1
   149 | D:1      | Reached skill level 1 in Maces & Flails
   360 | D:1      | Reached XP level 2. HP: 16/16 MP: 2/2
   727 | D:2      | Reached XP level 3. HP: 7/20 MP: 3/3
  1338 | D:2      | Reached XP level 4. HP: 25/25 MP: 4/4
  1962 | D:2      | Reached skill level 4 in Maces & Flails
  2148 | D:3      | Reached XP level 5. HP: 24/29 MP: 5/5
  2817 | D:2      | Reached skill level 5 in Maces & Flails
  3325 | D:3      | Killed from afar by an orc priest

Vault maps used:
D:1:      lightli_arrival_statue_moat

Action                   |  1- 3 |  4- 6 || total
-------------------------+-------+-------++-------
Melee: Short sword       |    61 |       ||    61
       Club              |     5 |       ||     5
       Dagger            |     2 |       ||     2
       Mace              |    68 |   129 ||   197
       Flail             |       |    63 ||    63
 Stab: Sleeping          |     2 |       ||     2
  Eat: Chunk             |     1 |     4 ||     5
       Meat ration       |       |     1 ||     1
